AoeStats
← ShogunPilo

Arena

510374486Analyzed
2v2 RM · 17h ago on Sep 30, 2026· 26m 36s· 4 players
Game mode
Random Map
Map size
Medium (4 player)
Population
200
Speed
Normal
Resources
Standard
Victory
Conquest
Starting age
Dark Age
Ending age
Imperial Age
RankedLock teamsTeams togetherTeam positionsShared explorationLock speedFull tech treeHidden civsTurbo modeCheats
Victory
Defeat
🇧🇷 Turks · Brazil
973
+15
🇧🇷 Bohemians · Brazil
950
+16
🇦🇷 Varangians · Argentina
975
-17
🇦🇷 Persians · Argentina
916
-14
ShogunPilo
8:20 Loom
10:32 Feudal Age
14:58 Castle Age
15:16 Double-Bit Axe
SonLuffy6398
7:46 Loom
11:19 Feudal Age
ViniCassi
8:11 Loom
12:46 Feudal Age
18:15 Castle Age
22:36 Imperial Age
24:14 Padded Archer Armor
24:00 Double-Bit Axe
24:06 Gold Mining
Joe Camel
12:16 Feudal Age
16:49 Castle Age
16:25 Double-Bit Axe
18:13 Bow Saw
21:18 Loom
22:12 Wheelbarrow
23:55 Hand Cart
27:09 Imperial Age
25:22 Town Watch
Connection lost

Rejoining the realm…

Still unreachable

The connection could not be restored.

Session expired

The server has moved on; the page needs a fresh start.